 Dungeon Crawl Stone Soup version 0.20.0-6-gd3061e9 (webtiles) character file.

1701336 Medar the Axe Maniac (level 27, 199/199 HPs)
             Began as a Barachi Berserker on May 26, 2017.
             Was a High Priest of Trog.
             Escaped with the Orb
             ... and 3 runes on May 28, 2017!
             The game lasted 04:09:16 (68408 turns).

Medar the Axe Maniac (Barachi Berserker)           Turns: 68408, Time: 04:09:16

Health: 199/199    AC: 44    Str: 29    XL:     27
Magic:  39/39      EV: 25    Int: 11    God:    Trog [*****.]
Gold:   2240       SH:  0    Dex: 25    Spells: 26/26 levels left

rFire    + + .     SeeInvis .   a - +6 executioner's axe (chop)
rCold    + . .     Gourm    .   (shield currently unavailable)
rNeg     . . .     Faith    .   F - +4 gold dragon scales
rPois    +         Spirit   +   S - +2 helmet {Int+3}
rElec    +         Reflect  .   f - +2 cloak
rCorr    .         Harm     .   V - +0 pair of gloves {Dex+3}
MR       ++...     Rnd*Rage +   m - +1 pair of boots
Stlth    ..........             W - amulet of guardian spirit
Regen    0.5/turn               J - ring of Kiets {rElec MP+9}
MPRegen  0.3/turn               T - ring of the Sturgeon {EV+3 Dex+4}

@: slow
A: +LOS, swims, agile 1, berserk 2, fire resistance 1, frail 2, low mp 1,
slowness 1, strong 1, strong legs 2
0: Orb of Zot
}: 3/15 runes: decaying, abyssal, gossamer
a: Hop, Berserk, Trog's Hand, Brothers in Arms, Burn Spellbooks, Renounce
Religion


You escaped.
You worshipped Trog.
Trog was extremely pleased with you.
You were very full.

You visited 9 branches of the dungeon, and saw 47 of its levels.
You visited the Abyss 1 time.
You visited 1 bazaar.
You also visited: Ice Cave and Volcano.

You collected 5417 gold pieces.
You spent 3177 gold pieces at shops.

Inventory:

Hand Weapons
 a - a +6 executioner's axe of chopping (weapon)
 b - a +7 antimagic executioner's axe
 c - a +4 vampiric battleaxe
 p - the +9 triple crossbow of Conflict {venom, rF+ Str+3, unknown}
   (Trog gifted it to you on level 2 of the Realm of Zot)

   It poisons the ammo it fires.
   It affects your strength (+3).
   It protects you from fire.
Armour
 f - a +2 cloak (worn)
 m - a +1 pair of boots (worn)
 F - +4 gold dragon scales (worn)
 S - a +2 helmet of intelligence (worn)
 V - a +0 pair of gloves of dexterity (worn)
Jewellery
 n - an uncursed ring of resist corrosion
 B - the ring "Deosetan" {*Corrode rPois MR+ Int+2 SInv}
   (You took it off a yaktaur captain on level 1 of the Depths)

   [ring of protection from magic]

   It affects your intelligence (+2).
   It protects you from poison.
   It affects your resistance to hostile enchantments.
   It lets you see invisible.
   It may corrode you when you take damage.
 D - the ring of Nobility {*Tele rF+ Stlth+}
   (You found it on level 4 of the Depths)

   [ring of teleportation]

   It may teleport you next to monsters.
   It protects you from fire.
   It makes you more stealthy.
 J - the ring of Kiets (left hand) {rElec MP+9}
   (You took it off a boggart on level 2 of the Depths)

   [ring of magical power]

   It insulates you from electricity.
   It affects your magic capacity (+9).
 T - the ring of the Sturgeon (right hand) {EV+3 Dex+4}
   (You found it on level 3 of the Depths)

   [ring of evasion]

   It affects your evasion (+3).
   It affects your dexterity (+4).
 W - an amulet of guardian spirit (around neck)
Wands
 q - a wand of iceblast (4/15)
 s - a wand of clouds (4/9)
 t - a wand of scattershot (2/9)
 A - a wand of paralysis (11/24)
 N - a wand of digging (8/24)
 Z - a wand of acid (9/15)
Scrolls
 e - 21 scrolls of remove curse {@r1}
 i - 11 scrolls of teleportation
 j - a scroll of silence {!r}
 u - 2 scrolls of summoning
 v - 4 scrolls of magic mapping {@r3}
 y - 7 scrolls of blinking
 H - 4 scrolls of fog
 I - 8 scrolls of identify {@r2}
 R - a scroll of holy word
 U - 7 scrolls of recharging
 Y - 5 scrolls of fear
Potions
 g - a potion of resistance
 h - 24 potions of curing {@q1}
 k - 2 potions of heal wounds
 w - 12 potions of flight
 x - 4 potions of invisibility
 z - 4 potions of haste
 E - 6 potions of might
 G - 3 potions of ambrosia
 M - 3 potions of cancellation
 O - 4 potions of agility
 Q - a potion of magic
Miscellaneous
 d - a fan of gales
 o - a lamp of fire
 C - a phantom mirror
 K - 2 sacks of spiders
 L - a lightning rod (4/4)
 X - a phial of floods
Comestibles
 l - 22 bread rations {@e1}
 r - a meat ration {@e2}
 P - 30 fruits {@e3}


   Skills:
 O Level 27 Fighting
 O Level 27 Axes
 O Level 27 Armour
 + Level 18.7 Dodging
   Level 4.1 Shields
 + Level 14.3 Evocations


You had 26 spell levels left.
You didn't know any spells.

Dungeon Overview and Level Annotations

Branches:
Dungeon (15/15)            Temple (1/1) D:7            Lair (6/6) D:9
  Swamp (4/4) Lair:2       Spider (4/4) Lair:2        Slime (0/5) Lair:6
    Orc (2/2) D:11            Elf (0/3) Orc:2        Vaults (5/5) D:13
  Crypt (0/3) Vaults:3     Depths (5/5) D:15            Zot (5/5) Depths:5

Altars:
Ashenzari
Cheibriados
Dithmenos
Elyvilon
Fedhas
Gozag
Hepliaklqana
Kikubaaqudgha
Makhleb
Nemelex Xobeh
Okawaru
Qazlal
Ru
Sif Muna
Trog
Uskayaw
Vehumet
Xom
Yredelemnul
Zin
The Shining One

Shops:
D:4 *%:   D:8 (   D:9 %   Orc:1 (   Orc:2 [!(!}   Vaults:3 !   Depths:3 ?:
Depths:5 !

Portals:
Hell: Depths:1 Depths:2 Depths:3 Depths:4 Depths:5
Abyss: Depths:4 Depths:5
Pandemonium: Orc:2 Depths:3
Ziggurat: Depths:3
Trove: D:10 (give 12 scrolls of teleportation)

Annotations:
Lair:3 4 exclusions
Depths:1 2 runed doors


Innate Abilities, Weirdness & Mutations

Shadows flee at your approach. (+LOS)
You can swim through water.
You cover ground slowly.
You can hop longer distances.
You are agile. (Dex +2)
You often lose your temper in combat.
Your flesh is heat resistant. (rF+)
You are very frail. (-20% HP)
Your magical capacity is low. (-10% MP)
Your muscles are strong. (Str +2)


Message History

You slice the gelid blood saint!!
The gelid blood saint is heavily wounded.
The gelid blood saint hits you but does no damage.
You slice the gelid blood saint!!
The gelid blood saint is almost dead.
The gelid blood saint completely misses you.
A soul eater comes into view.
You hit the gelid blood saint but do no damage.
The gelid blood saint is almost dead.
The gelid blood saint hits you but does no damage.
You closely miss the gelid blood saint.
The gelid blood saint is almost dead.
You recover from your berserk rage.
The gelid blood saint misses you.
You open the gelid blood saint like a pillowcase!!!
You kill the gelid blood saint!
Trog accepts your kill.
The teleport trap disappears.
The soul eater disappears!
There is a staircase leading out of the dungeon here.
You have escaped!

.# ###### #....##.# .# #..
#....##.# .#
#.##############.# )#
#.#.#.#.#.#.>###.# >#
#.##..#.##..##...#
.####........(.###.###
.................#.#
..##.##.#.#...#..#.#
..##.#######.###@#.#
.....#############.########
..##.......##.#...........#
..##................#.###.#
#.......##(#.##.#.#.#.###.###
####.##.....................#
#.##.##.####.##..#.###.#.#####
#.##.##.# #.....).###.#......
#.......# #...........#######


There were no monsters in sight!

Vanquished Creatures
  A pandemonium lord (Zot:5)
  5 orbs of fire (Zot:5)
  5 ancient liches
  A juggernaut (Depths:4)
  Sojobo (Depths:2)
  Frederick (Vaults:4)
  Boris (Depths:3)
  Margery (Depths:4)
  Saint Roka (Vaults:2)
  2 curse toes (Zot:4)
  Xtahua (Vaults:3)
  2 Killer Klowns (Zot:5)
  2 caustic shrikes (Depths:4)
  Nikola (Depths:1)
  12 golden dragons
  Jory (Vaults:2)
  the Enchantress (Depths:2)
  2 bone dragons (Depths:5)
  A Brimstone Fiend (Depths:3)
  A Tzitzimitl (Zot:5)
  4 electric golems
  18 tentacled monstrosities
  Jorgrun (Depths:5)
  22 Orb Guardians
  Rupert (D:15)
  An Ice Fiend (D:2)
  7 liches
  3 titans
  The ghost of Gorglomux the Brawler, an adept TrFi of Okawaru (Spider:3)
  5 quicksilver dragons
  Asterion (Depths:2)
  A death cob (Zot:2)
  2 Executioners
  7 sphinxes
  2 thorn hunters
  A sphinx (shapeshifter) (Vaults:3)
  9 shadow dragons
  An ancient champion (Depths:3)
  Donald (Vaults:3)
  5 storm dragons
  5 tengu reavers
  9 fire giants
  A daeva (Depths:3)
  A draconian monk (Zot:4)
  2 iron dragons (Depths:4)
  5 deep elf sorcerers
  3 ghost moths
  3 orc warlords
  3 draconian scorchers
  12 frost giants
  3 emperor scorpions
  12 vault wardens
  Aizul (Vaults:4)
  A blood saint (D:1)
  2 draconian knights
  A draconian shifter (Zot:2)
  A reaper (Depths:2)
  4 draconian annihilators
  An angel (D:15)
  3 draconian stormcallers
  19 very ugly things
  11 ironheart preservers
  11 spriggan defenders
  A juggernaut skeleton (Depths:2)
  4 entropy weavers
  7 vampire knights
  22 stone giants
  6 green draconians
  4 yellow draconians
  6 purple draconians
  21 spark wasps
  4 red draconians
  A deep elf demonologist (Vaults:4)
  2 deep elf annihilators
  3 black draconians
  4 white draconians
  A blizzard demon (Depths:2)
  17 ettins
  Josephine (Lair:5)
  17 fire dragons
  2 deep elf high priests (Depths:4)
  21 yaktaur captains
  Erolcha (D:13)
  14 ogre magi
  22 ice dragons
  10 hydras
  4 rakshasas
  19 great orbs of eyes
  2 ghost crabs
  14 spriggan air magi
  7 vault guards
  A caustic shrike simulacrum (Depths:2)
  A merfolk avatar (Lair:6)
  17 centaur warriors
  7 alligators
  An alligator (shapeshifter) (Depths:2)
  2 death knights
  42 two-headed ogres
  A merfolk aquamancer (Depths:3)
  Erica (D:8)
  7 orc high priests (Orc:2)
  13 spriggan berserkers
  17 deep troll shamans
  4 tengu warriors
  13 deep troll earth magi
  Urug (Lair:5)
  6 iron trolls
  Nergalle (Orc:1)
  2 fire crabs (Swamp:4)
  12 hell knights
  A soul eater (Orc:2)
  2 wretched stars (Abyss:3)
  A sixfirhy (Orc:2)
  3 deep elf knights
  A sea snake (shapeshifter) (Depths:3)
  10 skeletal warriors
  A shadow wraith (Vaults:2)
  A fire crab (shapeshifter) (Depths:4)
  3 sea snakes (Lair:6)
  27 deep trolls
  4 wizards
  11 swamp dragons
  A golden dragon zombie (Depths:2)
  3 torturous demonspawn (Orc:2)
  10 flayed ghosts
  3 unseen horrors
  3 spriggan druids
  5 glowing orange brains
  15 ironbrand convokers
  A death drake (shapeshifter) (Depths:4)
  A tengu zombie (Depths:2)
  A shambling mangrove (Swamp:4)
  4 deep elf archers
  A lindwurm (Swamp:4)
  A wolf spider zombie (D:15)
  18 orc knights
  A harpy (shapeshifter) (Depths:2)
  3 phantasmal warriors
  An obsidian statue (Vaults:4)
  7 mana vipers (Depths:1)
  7 deep elf magi
  26 wolf spiders
  6 orc sorcerers
  63 ugly things
  A harpy (Lair:6)
  10 necromancers
  13 orb spiders
  2 human zombies (Vaults:2)
  6 cyclopes
  A frost giant zombie (Depths:2)
  2 manticores
  A sphinx skeleton (Vaults:2)
  A cyclops (shapeshifter) (Vaults:2)
  A fire giant zombie (Depths:2)
  9 vault sentinels
  Maurice (D:11)
  7 elephants
  31 moths of wrath
  3 black mambas
  A black mamba (shapeshifter) (Depths:2)
  A rust devil (Zot:5)
  An iron dragon skeleton (Depths:2)
  5 centaur skeletons
  15 spiny frogs
  An eye of devastation (shapeshifter) (Depths:2)
  3 kobold demonologists
  A smoke demon (D:7)
  2 torpor snails (Spider:2)
  An orange demon (D:5)
  2 efreet (Volcano)
  11 komodo dragons
  2 ice statues (IceCv)
  2 spiny frogs (shapeshifter)
  13 ice devils
  6 rime drakes
  5 freezing wraiths
  59 yaktaurs
  A yaktaur (shapeshifter) (Vaults:3)
  4 hellwings
  16 demonic crawlers
  2 tengu conjurers
  31 jumping spiders
  An ancient zyme (Abyss:3)
  3 red devils
  A queen bee (Abyss:3)
  38 hornets
  4 polar bears
  2 wind drakes (Lair:6)
  5 meliai (Abyss:3)
  6 tyrant leeches
  6 trolls
  A meliai zombie (D:14)
  2 wind drakes (shapeshifter)
  A slime creature (shapeshifter) (Depths:3)
  A hornet (shapeshifter) (Vaults:2)
  3 raiju (Abyss:3)
  28 blink frogs
  8 hippogriffs
  A raiju (shapeshifter) (Vaults:3)
  51 slime creatures
  An ettin zombie (Depths:2)
  6 dream sheep (Lair:5)
  15 bog bodies
  A redback (shapeshifter) (Depths:4)
  4 water elementals (Depths:3)
  11 air elementals
  95 redbacks
  20 spriggans
  A shadow (D:14)
  36 yaks
  A ynoxinul (Abyss:3)
  54 tarantellas
  6 large abominations
  4 basilisks
  5 wyverns
  8 wraiths
  A basilisk (shapeshifter) (Vaults:3)
  2 fire bats (Swamp:4)
  2 chaos spawn
  5 fire elementals
  A hog (shapeshifter) (D:13)
  24 vampire mosquitoes
  A yaktaur simulacrum (Vaults:2)
  A redback simulacrum (D:14)
  Menkaure (D:4)
  A hungry ghost (D:10)
  5 steam dragons
  20 swamp worms
  6 wargs
  18 insubstantial wisps
  A neqoxec (Zot:4)
  A soldier ant (D:14)
  4 acid dragons
  4 floating eyes
  8 porcupines
  16 water moccasins
  45 orc warriors
  16 swamp drakes
  3 sky beasts
  6 ice beasts
  5 black bears
  A hornet zombie (D:8)
  A necrophage (D:9)
  An ogre (shapeshifter) (Depths:1)
  An eye of draining (D:13)
  6 phantoms
  32 boggarts
  32 ogres
  20 centaurs
  13 wolves
  12 crocodiles
  10 big kobolds
  15 bullfrogs
  A wyvern zombie (D:11)
  An earth elemental (Volcano)
  4 wyvern skeletons
  A water moccasin skeleton (D:11)
  2 scorpions
  8 killer bees
  4 wights (D:14)
  10 electric eels
  5 howler monkeys
  A vampire bat (Orc:1)
  5 crimson imps
  4 draconian simulacra (IceCv)
  A bullfrog zombie (D:12)
  11 hounds
  2 centaur zombies
  4 starcursed masses
  2 jellies
  26 orc wizards
  23 orc priests
  5 bullfrog skeletons
  A small abomination (Abyss:3)
  An iguana (shapeshifter) (Depths:2)
  3 iguanas
  13 worker ants
  2 spriggan simulacra (IceCv)
  2 troll simulacra (IceCv)
  2 hound skeletons
  A worker ant zombie (D:9)
  8 adders
  11 gnolls
  2 naga simulacra (IceCv)
  6 shadow imps
  An ufetubus (D:9)
  2 oozes
  2 worms
  2 adder skeletons
  2 adder zombies
  3 dart slugs
  6 leopard geckos
  106 orcs
  7 giant cockroaches
  10 goblins
  3 hobgoblins
  4 jackals (D:3)
  31 kobolds
  A quokka (D:10)
  4 ball pythons
  17 bats
  5 frilled lizards
  A quokka skeleton (D:4)
  5 rats
  3 fungi (Lair:6)
  7 plants
2321 creatures vanquished.

Vanquished Creatures (collateral kills)
  A Hell Sentinel (D:7)
  2 Orb Guardians (Zot:5)
  A quicksilver dragon (Depths:1)
  A tengu reaver (Depths:2)
  A ghost moth (Spider:4)
  An orc warlord (Depths:1)
  An emperor scorpion (Spider:4)
  An ironheart preserver (Vaults:4)
  A spark wasp (Spider:4)
  An ice dragon (Depths:2)
  A centaur warrior (Depths:1)
  A hydra (Swamp:4)
  A tengu warrior (Depths:2)
  Sonja (D:15)
  A deep troll (Depths:2)
  A shambling mangrove (Swamp:4)
  A deep elf mage (Vaults:4)
  An ugly thing (Vaults:2)
  An orc knight (Depths:1)
  4 elephants (Lair:2)
  A yaktaur (Depths:1)
  A tengu conjurer (Depths:2)
  A jumping spider (Lair:2)
  5 hornets
  Prince Ribbit (D:7)
  6 slime creatures (Swamp:4)
  A hippogriff (Lair:2)
  3 spriggans
  2 neqoxecs
  2 orc warriors (D:7)
  A black bear (Lair:2)
  A centaur (D:7)
  A boggart (Depths:2)
  2 wolves (D:9)
  A hound (D:9)
  2 orc wizards (D:7)
  3 orcs (D:7)
58 creatures vanquished.

Vanquished Creatures (others)
  A fire giant (Depths:2)
  A stone giant (Vaults:4)
  A black sun (D:2)
  A spark wasp (Depths:3)
  A centaur warrior (D:14)
  2 swamp dragons (Swamp:4)
  A cyclops (D:14)
  A jumping spider (Spider:4)
  A tyrant leech (Swamp:3)
  A hornet (Swamp:4)
  4 swamp drakes (Swamp:4)
  A centaur (D:11)
  3 boggarts
  A bush (Lair:6)
  3 fire vortices
  2 fungi (Lair:6)
  40 plants
  2 starspawn tentacles (Abyss:3)
67 creatures vanquished.

Grand Total: 2446 creatures vanquished

Notes
Turn   | Place    | Note
-------+----------+-------------------------------------------
     0 | D:1      | Medar the Barachi Berserker began the quest for the Orb.
     0 | D:1      | Reached XP level 1. HP: 18/18 MP: 1/1
   112 | D:1      | Reached XP level 2. HP: 24/24 MP: 2/2
   303 | D:1      | Reached XP level 3. HP: 29/29 MP: 3/3
   436 | D:1      | Reached ** piety under Trog
   688 | D:2      | Reached skill level 5 in Axes
   946 | D:2      | Reached XP level 4. HP: 36/36 MP: 4/4
   991 | D:2      | Reached skill level 1 in Shields
  1263 | D:3      | Reached XP level 5. HP: 37/41 MP: 5/5
  1473 | D:3      | Reached *** piety under Trog
  1487 | D:3      | Noticed a phantom
  1498 | D:3      | Killed a phantom
  1498 | D:3      | Reached XP level 6. HP: 47/47 MP: 6/6
  1647 | D:3      | Found a shimmering altar of Xom.
  1974 | D:4      | Found Dunkiar's Assorted Antiques.
  2078 | D:4      | Found a bloodstained altar of Trog.
  2422 | D:4      | Found Ikoj's Food Shop.
  2446 | D:4      | Found Ydeepse's Book Shop.
  2452 | D:4      | Noticed Menkaure
  2452 | D:4      | Noticed a phantom
  2512 | D:4      | Killed Menkaure
  2512 | D:4      | Reached XP level 7. HP: 21/52 MP: 7/7
  2746 | D:4      | Found a sparkling altar of Nemelex Xobeh.
  2939 | D:4      | Noticed a hippogriff
  2950 | D:4      | Killed a hippogriff
  3049 | D:4      | Reached XP level 8. HP: 26/59 MP: 8/8
  3110 | D:4      | Reached **** piety under Trog
  3737 | D:5      | Entered Level 5 of the Dungeon
  3842 | D:5      | Reached skill level 10 in Axes
  4370 | D:5      | Found a glowing golden altar of the Shining One.
  4687 | D:6      | Found an opulent altar of Gozag.
  4839 | D:6      | Reached XP level 9. HP: 64/64 MP: 9/9
  4842 | D:6      | Found a stormy altar of Qazlal.
  5556 | D:7      | Found a staircase to the Ecumenical Temple.
  5561 | Temple   | Entered the Ecumenical Temple
  6004 | D:7      | Found a sacrificial altar of Ru.
  6047 | D:7      | Found a sacrificial altar of Ru.
  6097 | D:7      | Noticed Prince Ribbit
  6108 | D:7      | Killed Prince Ribbit
  6527 | D:7      | Found a radiant altar of Vehumet.
  6527 | D:7      | Found a burning altar of Makhleb.
  6901 | D:8      | Noticed Erica
  6907 | D:8      | Killed Erica
  6907 | D:8      | Reached XP level 10. HP: 70/70 MP: 10/10
  7079 | D:8      | Found Peij's Weapon Emporium.
  7832 | D:8      | Noticed a two-headed ogre
  7839 | D:8      | Killed a two-headed ogre
  7839 | D:8      | Reached skill level 15 in Axes
  7891 | D:8      | Found an ancient bone altar of Kikubaaqudgha.
  7891 | D:8      | Found a glowing silver altar of Zin.
  7892 | D:8      | Found a shimmering altar of Xom.
  8071 | D:8      | Noticed a two-headed ogre
  8086 | D:8      | Killed a two-headed ogre
  8192 | D:9      | Reached ***** piety under Trog
  8368 | D:9      | Found a staircase to the Lair.
  8847 | D:9      | Reached skill level 5 in Armour
  8847 | D:9      | Reached XP level 11. HP: 68/75 MP: 11/11
  8855 | D:9      | Found a basalt altar of Yredelemnul.
  9106 | D:9      | Found Everub's Food Shoppe.
  9406 | D:9      | Noticed a two-headed ogre
  9413 | D:9      | Killed a two-headed ogre
  9413 | D:9      | Reached skill level 5 in Fighting
 10235 | Lair:1   | Entered Level 1 of the Lair of Beasts
 11479 | Lair:2   | Found a hole to the Spider Nest.
 11603 | Lair:2   | Noticed a four-headed hydra
 12251 | Lair:2   | Found a staircase to the Swamp.
 12260 | Lair:2   | Reached XP level 12. HP: 94/94 MP: 12/12
 12377 | Lair:2   | Received a gift from Trog
 12621 | Lair:2   | Killed a four-headed hydra
 12621 | Lair:2   | Reached skill level 10 in Armour
 12877 | Lair:3   | Reached skill level 5 in Dodging
 12878 | Lair:3   | Received a gift from Trog
 14477 | Lair:5   | Noticed Urug
 14491 | Lair:5   | Killed Urug
 14652 | Lair:5   | Found a dark tunnel.
 14666 | Volcano  | Entered a volcano
 14675 | Volcano  | Gained mutation: You can hop longer distances. [Barachi growth]
 14675 | Volcano  | Reached XP level 13. HP: 74/101 MP: 13/13
 15455 | Lair:5   | Noticed Josephine
 15461 | Lair:5   | Killed Josephine
 15476 | Lair:5   | Received a gift from Trog
 15797 | Lair:5   | Received a gift from Trog
 16031 | Lair:6   | Entered Level 6 of the Lair of Beasts
 17233 | Lair:6   | Found a staircase to the Slime Pits.
 17238 | Lair:6   | Reached XP level 14. HP: 102/108 MP: 14/14
 17248 | Lair:6   | Received a gift from Trog
 17345 | Lair:6   | Reached skill level 10 in Fighting
 17420 | Lair:6   | Identified Silaf's Incunabulum of the Glacier and Toxins
 17422 | Lair:6   | Identified the Handbook of Ashen Attacks
 18238 | D:10     | Entered Level 10 of the Dungeon
 18926 | D:10     | Found a portal to a secret trove of treasure.
 19369 | D:11     | Noticed Maurice
 19378 | D:11     | Killed Maurice
 19535 | D:11     | Received a gift from Trog
 19799 | D:11     | Found a staircase to the Orcish Mines.
 20348 | Orc:1    | Entered Level 1 of the Orcish Mines
 20359 | Orc:1    | Noticed Nergalle
 20367 | Orc:1    | Killed Nergalle
 20676 | Orc:1    | Noticed an orc warlord
 20691 | Orc:1    | Killed an orc warlord
 20813 | Orc:2    | Entered Level 2 of the Orcish Mines
 21057 | Orc:1    | Found Mudopseps's Antique Weapon Shop.
 21287 | Orc:2    | Found a staircase to the Elven Halls.
 21487 | Orc:2    | Found Ostibb's Armour Shoppe.
 21624 | Orc:2    | Found Esaschush's Distillery.
 21626 | Orc:2    | Found Jaggudy's Distillery.
 21643 | Orc:2    | Reached ****** piety under Trog
 21875 | Orc:2    | Bought a potion of resistance for 160 gold pieces
 21875 | Orc:2    | Bought a potion of agility for 64 gold pieces
 21875 | Orc:2    | Bought a potion of magic for 128 gold pieces
 21933 | Orc:2    | Reached XP level 15. HP: 99/120 MP: 15/15
 21963 | Orc:2    | Received a gift from Trog
 22219 | Orc:2    | Reached skill level 15 in Armour
 22444 | Orc:2    | Reached skill level 1 in Evocations
 22484 | Orc:2    | Found Necyedimn's Antique Weapon Shoppe.
 22484 | Orc:2    | Found Ulugheam's Gadget Emporium.
 22485 | Orc:2    | Found a one-way gate leading to the halls of Pandemonium.
 22531 | Orc:2    | Bought a potion of haste for 130 gold pieces
 22531 | Orc:2    | Bought a potion of haste for 130 gold pieces
 22531 | Orc:2    | Bought a potion of haste for 130 gold pieces
 22533 | Orc:2    | Bought a potion of might for 64 gold pieces
 22533 | Orc:2    | Bought a potion of might for 64 gold pieces
 22533 | Orc:2    | Bought a potion of haste for 160 gold pieces
 22705 | D:12     | Reached skill level 5 in Evocations
 22741 | D:12     | Found a frozen archway.
 22759 | IceCv    | Entered an ice cave
 22969 | IceCv    | Identified a scroll of acquirement
 24435 | D:13     | Received a gift from Trog
 24769 | D:13     | Found a gate to the Vaults.
 25534 | D:13     | Noticed Erolcha
 25543 | D:13     | Killed Erolcha
 25903 | D:14     | Reached XP level 16. HP: 129/129 MP: 19/19
 26038 | D:14     | Reached skill level 10 in Dodging
 26156 | D:14     | Received a gift from Trog
 26379 | D:15     | Entered Level 15 of the Dungeon
 26470 | D:15     | Noticed Sonja
 26668 | D:15     | Noticed Rupert
 26679 | D:15     | Killed Rupert
 26805 | D:15     | Found a blossoming altar of Fedhas.
 27009 | D:15     | Killed Sonja
 27094 | D:15     | Found a staircase to the Depths.
 27295 | D:13     | Cast into level 3 of the Abyss (a distortion unwield)
 27357 | Abyss:3  | Noticed a tentacled starspawn
 27480 | Abyss:3  | Received a gift from Trog
 27508 | Abyss:3  | Got an abyssal rune of Zot
 27544 | D:13     | Escaped the Abyss
 27705 | Orc:2    | Bought a glowing battleaxe for 332 gold pieces
 28477 | Spider:1 | Entered Level 1 of the Spider Nest
 28622 | Spider:1 | Reached skill level 15 in Dodging
 28642 | Spider:1 | Reached XP level 17. HP: 135/135 MP: 20/20
 28825 | Spider:1 | Received a gift from Trog
 30151 | Spider:2 | Received a gift from Trog
 31165 | Spider:3 | Noticed Gorglomux's ghost (adept TrFi)
 31181 | Spider:3 | Killed Gorglomux's ghost
 31608 | Spider:3 | Received a gift from Trog
 32311 | Spider:4 | Entered Level 4 of the Spider Nest
 32721 | Spider:4 | Reached XP level 18. HP: 145/145 MP: 10/21
 34180 | Spider:4 | Got a gossamer rune of Zot
 34255 | Spider:4 | Received a gift from Trog
 34662 | Swamp:1  | Entered Level 1 of the Swamp
 35651 | Swamp:2  | Reached skill level 15 in Fighting
 35840 | Swamp:2  | Received a gift from Trog
 36934 | Swamp:4  | Entered Level 4 of the Swamp
 37070 | Swamp:4  | Reached XP level 19. HP: 72/155 MP: 11/22
 37164 | Swamp:4  | Got a twisted arbalest
 37166 | Swamp:4  | Identified the +8 arbalest "Buno" {venom, rElec MR+ Int+4} (You found it on level 4 of the Swamp)
 38281 | Swamp:4  | Received a gift from Trog
 38287 | Swamp:4  | Got a faintly glowing broad axe {god gift}
 38288 | Swamp:4  | Identified the +3 broad axe "Geleppog" {holy, +Blink rF- Str+4} (Trog gifted it to you on level 4 of the Swamp)
 38552 | Swamp:4  | Got a decaying rune of Zot
 38846 | Vaults:1 | Entered Level 1 of the Vaults
 39101 | D:4      | Bought 2 scrolls of enchant weapon for 480 gold pieces
 39891 | Vaults:1 | Got a faintly glowing scale mail
 39902 | Vaults:1 | Identified the +1 scale mail "Itrunato" {rElec MR- Slay+4 SInv} (You acquired it on level 1 of the Vaults)
 41633 | Vaults:2 | Noticed Jory
 41656 | Vaults:2 | Killed Jory
 41879 | Vaults:2 | Reached XP level 20. HP: 133/163 MP: 17/23
 42184 | Vaults:2 | Noticed Saint Roka
 42209 | Vaults:2 | Killed Saint Roka
 42272 | Vaults:2 | Received a gift from Trog
 42644 | Vaults:2 | Paralysed by a great orb of eyes for 7 turns
 43673 | Vaults:3 | Noticed Xtahua
 43673 | Vaults:3 | Paralysed by Xtahua for 3 turns
 43680 | Vaults:3 | Killed Xtahua
 43680 | Vaults:3 | Received a gift from Trog
 43698 | Vaults:3 | Found a staircase to the Crypt.
 43698 | Vaults:3 | Found a basalt altar of Yredelemnul.
 43699 | Vaults:3 | Found an ancient bone altar of Kikubaaqudgha.
 43898 | Vaults:3 | Noticed Donald
 43907 | Vaults:3 | Killed Donald
 44581 | Vaults:3 | Got a crude scarf
 44592 | Vaults:3 | Identified the scarf of a bailey {Int+3 SInv} (You acquired it on level 3 of the Vaults)
 44854 | Vaults:3 | Got a transparent arbalest
 44855 | Vaults:3 | Identified the cursed +0 arbalest of Wrongful Imprisonment {velocity, -Tele +Inv rF+++ MR+} (You found it on level 3 of the Vaults)
 45207 | Vaults:3 | Found Qawami's Distillery.
 45216 | Vaults:3 | Bought a potion of heal wounds for 90 gold pieces
 45216 | Vaults:3 | Bought a potion of agility for 72 gold pieces
 45216 | Vaults:3 | Bought a potion of haste for 180 gold pieces
 45472 | Vaults:4 | Reached XP level 21. HP: 80/169 MP: 9/24
 46180 | Vaults:4 | Noticed Frederick
 46189 | Vaults:4 | Killed Frederick
 46449 | Vaults:4 | Noticed Aizul
 46462 | Vaults:4 | Killed Aizul
 46470 | Vaults:4 | Received a gift from Trog
 46688 | Vaults:4 | Found a gateway to a bazaar.
 46711 | Bazaar   | Entered a bazaar
 46728 | Bazaar   | Found Resiffai's Assorted Antiques.
 46732 | Bazaar   | Bought a scroll of blinking for 270 gold pieces
 46743 | Bazaar   | Found Xoitieph's Book Emporium.
 46743 | Bazaar   | Found Cele's Book Shoppe.
 46777 | Bazaar   | Found Yceen's Food Emporium.
 46777 | Bazaar   | Found Xyrus's Armour Shoppe.
 46856 | Bazaar   | Bought a scroll of magic mapping for 126 gold pieces
 47635 | Vaults:4 | Received a gift from Trog
 47839 | Vaults:4 | Upgraded the game from 0.20.0-1-g1cb1d84 to 0.20.0-6-gd3061e9
 47956 | Vaults:5 | Entered Level 5 of the Vaults
 48230 | Depths:1 | Entered Level 1 of the Depths
 48644 | Depths:1 | Got a crude scarf
 48655 | Depths:1 | Identified the scarf "Zuesuw" {MR+} (You acquired it on level 1 of the Depths)
 49159 | Depths:1 | Found a gateway to Hell.
 49162 | Depths:1 | Noticed Nikola
 49182 | Depths:1 | Reached XP level 22. HP: 183/183 MP: 12/25
 49188 | Depths:1 | Killed Nikola
 50334 | Depths:1 | Got a faintly glowing jade ring
 50338 | Depths:1 | Identified the ring "Deosetan" {*Corrode rPois MR+ Int+2 SInv} (You took it off a yaktaur captain on level 1 of the Depths)
 50427 | Depths:1 | Received a gift from Trog
 50643 | Depths:1 | Found a runed door.
 50675 | Depths:1 | Found a runed door.
 52343 | Depths:2 | Received a gift from Trog
 52403 | Depths:2 | Noticed a golden dragon
 52415 | Depths:2 | Killed a golden dragon
 52737 | Depths:2 | Noticed Asterion
 53282 | Depths:2 | Killed Asterion
 53544 | Depths:2 | Reached XP level 23. HP: 175/196 MP: 24/26
 53554 | Depths:2 | Got a warped bronze ring
 53555 | Depths:2 | Identified the ring of Kiets {rElec MP+9} (You took it off a boggart on level 2 of the Depths)
 53734 | Depths:2 | Got a sapphire-encrusted leather armour
 53745 | Depths:2 | Identified the +1 leather armour "Ymoupn" {rF- rC- Regen+ Str+5} (You found it on level 2 of the Depths)
 53896 | Depths:2 | Received a gift from Trog
 53948 | Depths:2 | Noticed the Enchantress
 53969 | Depths:2 | Killed the Enchantress
 54217 | Depths:2 | Got faerie dragon scales
 54424 | Depths:2 | Identified the +6 faerie dragon scales {MR+ rCorr Str+2} (You took it off the Enchantress on level 2 of the Depths)
 54880 | Depths:2 | Got a scorched lajatang
 54881 | Depths:2 | Identified the +2 lajatang of Watchfulness {elec, MR+ SInv} (You found it on level 2 of the Depths)
 55893 | Depths:3 | Got a coiled tin ring
 55896 | Depths:3 | Identified the ring of the Sturgeon {EV+3 Dex+4} (You found it on level 3 of the Depths)
 56033 | Depths:3 | Noticed a golden dragon
 56040 | Depths:3 | Killed a golden dragon
 56040 | Depths:3 | Received a gift from Trog
 56534 | Depths:3 | Noticed Boris
 56546 | Depths:3 | Killed Boris
 56587 | Depths:3 | Got a shimmering bronze ring
 56589 | Depths:3 | Identified the ring "Mamiuc" {Wiz *Contam rF+++ Str-5 Dex+4 SInv} (You found it on level 3 of the Depths)
 56810 | Depths:3 | Found a gateway to a ziggurat.
 57080 | Depths:3 | Noticed Sojobo
 57287 | Depths:2 | Reached XP level 24. HP: 210/210 MP: 7/26
 57293 | Depths:2 | Killed Sojobo
 57523 | Depths:3 | Got a fine granite ring
 57525 | Depths:3 | Identified the ring "Faerhenn" {*Corrode MP+9 Int+7 Dex+7} (You found it on level 3 of the Depths)
 57594 | Depths:3 | Paralysed by a floating eye for 2 turns
 57610 | Depths:3 | Found Urphio's Book Emporium.
 57848 | Depths:3 | Received a gift from Trog
 57890 | Depths:3 | Found Zuozomim's Magic Scroll Emporium.
 57899 | Depths:3 | Bought a scroll of blinking for 172 gold pieces
 57899 | Depths:3 | Bought a scroll of enchant armour for 172 gold pieces
 57899 | Depths:3 | Bought a scroll of identify for 46 gold pieces
 57899 | Depths:3 | Bought a scroll of identify for 46 gold pieces
 57899 | Depths:3 | Bought a scroll of identify for 46 gold pieces
 57899 | Depths:3 | Bought a scroll of identify for 46 gold pieces
 57899 | Depths:3 | Bought a scroll of teleportation for 69 gold pieces
 58065 | Depths:4 | Found a blossoming altar of Fedhas.
 58429 | Depths:4 | Got a translucent iron ring
 58431 | Depths:4 | Identified the ring of Nobility {*Tele rF+ Stlth+} (You found it on level 4 of the Depths)
 58500 | Depths:4 | Found a hide-covered altar of Uskayaw.
 58500 | Depths:4 | Found a blossoming altar of Fedhas.
 58556 | Depths:4 | Found a deep blue altar of Sif Muna.
 58556 | Depths:4 | Found a snail-covered altar of Cheibriados.
 58623 | Depths:4 | Noticed an ancient lich
 59005 | Depths:4 | Killed an ancient lich
 59033 | Depths:4 | Received a gift from Trog
 59109 | Depths:4 | Reached XP level 25. HP: 110/221 MP: 15/26
 59525 | Depths:4 | Got a distressingly furry robe
 59610 | Depths:4 | Paralysed by a floating eye for 4 turns
 59761 | Depths:4 | Noticed Margery
 59776 | Depths:4 | Killed Margery
 59929 | Depths:4 | Noticed a juggernaut
 59949 | Depths:4 | Killed a juggernaut
 60041 | Depths:4 | Reached skill level 10 in Evocations
 60349 | Depths:4 | Received a gift from Trog
 60791 | Depths:4 | Found a one-way gate to the infinite horrors of the Abyss.
 61658 | Depths:4 | Received a gift from Trog
 61858 | Depths:5 | Entered Level 5 of the Depths
 61858 | Depths:5 | Noticed Jorgrun
 61871 | Depths:5 | Killed Jorgrun
 62035 | Depths:5 | Reached XP level 26. HP: 221/231 MP: 28/31
 62215 | Depths:5 | Found Binwur's Distillery.
 63190 | Depths:5 | Found a gate to the Realm of Zot.
 63245 | Zot:1    | Entered Level 1 of the Realm of Zot
 63366 | Zot:2    | Received a gift from Trog
 63996 | Zot:4    | Reached skill level 27 in Axes
 64638 | Zot:5    | Entered Level 5 of the Realm of Zot
 64765 | Zot:5    | Noticed an orb of fire
 64766 | Zot:5    | Noticed an ancient lich
 64767 | Zot:5    | Reached XP level 27. HP: 181/242 MP: 30/31
 64774 | Zot:5    | Killed an orb of fire
 64778 | Zot:5    | Killed an ancient lich
 64789 | Zot:5    | Noticed an orb of fire
 64793 | Zot:5    | Noticed an ancient lich
 64795 | Zot:5    | Gained mutation: You tend to lose your temper in combat. [an orb of fire]
 64808 | Zot:5    | Killed an orb of fire
 64820 | Zot:5    | Killed an ancient lich
 64873 | Zot:5    | Reached skill level 27 in Armour
 65000 | Zot:5    | Noticed an orb of fire
 65000 | Zot:5    | Gained mutation: You often lose your temper in combat. [an orb of fire]
 65352 | Zot:5    | Gained mutation: Your flesh is heat resistant. (rF+) [an orb of fire]
 65359 | Zot:5    | Gained mutation: Your muscles are strong. (Str +2) [an orb of fire]
 65361 | Zot:5    | Gained mutation: You are agile. (Dex +2) [an orb of fire]
 65362 | Zot:5    | Killed an orb of fire
 65408 | Zot:5    | Received a gift from Trog
 65811 | Zot:5    | Noticed an ancient lich
 65825 | Zot:5    | Killed an ancient lich
 65825 | Zot:5    | Reached skill level 27 in Fighting
 65834 | Zot:5    | Noticed an ancient lich
 65845 | Zot:5    | Killed an ancient lich
 65853 | Zot:5    | Noticed an orb of fire
 65856 | Zot:5    | Gained mutation: You are frail. (-10% HP) [an orb of fire]
 65863 | Zot:5    | Killed an orb of fire
 67399 | Zot:5    | Got the Orb of Zot
 67421 | Zot:5    | Noticed an orb of fire
 67432 | Zot:5    | Gained mutation: Your magical capacity is low. (-10% MP) [an orb of fire]
 67433 | Zot:5    | Killed an orb of fire
 67439 | Zot:5    | Noticed Nyemnid the pandemonium lord
 67450 | Zot:5    | Killed Nyemnid the pandemonium lord
 67450 | Zot:5    | Received a gift from Trog
 67517 | Zot:4    | Gained mutation: You are very frail. (-20% HP) [a neqoxec]
 67574 | Zot:2    | Got a fine triple crossbow {god gift}
 67690 | Depths:5 | Noticed Uthriahu the pandemonium lord
 67961 | D:14     | Noticed Noki Voq the pandemonium lord
 68001 | D:13     | Noticed Pozyuf the pandemonium lord
 68408 | D:$      | Escaped with the Orb!

Skill      XL: |  1  2  3  4  5  6  7  8  9 10 11 12 13 14 15 16 17 18 19 20 21 22 23 24 25 26 27 |
---------------+----------------------------------------------------------------------------------+-----
Axes           | 4 5 7 9 11 14 16 17 20 21 23 25 26 27 | 27.0
Shields        | 3 4 |  4.1
Armour         | 5 9 10 14 15 16 17 19 21 23 24 25 26 27 | 27.0
Fighting       | 8 9 11 12 13 15 17 19 21 23 24 25 27 | 27.0
Dodging        | 3 5 9 15 16 18 | 18.7
Evocations     | 5 11 14 | 14.3

Action                   |  1- 3 |  4- 6 |  7- 9 | 10-12 | 13-15 | 16-18 | 19-21 | 22-24 | 25-27 || total
-------------------------+-------+-------+-------+-------+-------+-------+-------+-------+-------++-------
Melee: Hand axe          |   150 |   273 |   404 |       |       |       |       |       |       ||   827
       War axe           |       |       |    61 |   491 |       |     1 |       |       |       ||   553
       Battleaxe         |       |       |       |   127 |  1345 |  1800 |    80 |       |    89 ||  3441
       Morningstar       |       |       |       |    12 |     5 |       |       |       |       ||    17
       Executioner's axe |       |       |       |       |       |       |  1026 |  1269 |  1182 ||  3477
       Great mace        |       |       |       |       |       |       |    15 |       |       ||    15
 Fire: Blowgun           |       |       |       |    11 |       |       |       |       |       ||    11
Throw: Tomahawk          |       |       |       |     3 |       |       |       |       |       ||     3
Invok: Berserk           |       |     5 |     9 |    15 |    21 |    16 |    18 |    15 |     9 ||   108
       Brothers in Arms  |       |       |     2 |     2 |       |     4 |     4 |     3 |     3 ||    18
       Burn Spellbooks   |       |       |       |     2 |     1 |       |     2 |       |     1 ||     6
       Trog's Hand       |       |       |       |       |     7 |     5 |     8 |     4 |     9 ||    33
 Abil: Hop               |       |     3 |     4 |     6 |     5 |    15 |     9 |    10 |    11 ||    63
Evoke: Wand              |       |       |     2 |     8 |     2 |     5 |     1 |     1 |     9 ||    28
       Lamp of fire      |       |       |       |       |     2 |     1 |     1 |       |       ||     4
       Phial of floods   |       |       |       |       |       |       |       |       |     1 ||     1
  Use: Scroll            |       |     3 |     8 |    15 |    15 |    15 |    17 |    16 |    12 ||   101
       Potion            |       |       |       |       |     1 |    12 |     6 |     4 |    16 ||    39
 Stab: Paralysed         |       |       |       |     2 |       |     5 |       |       |       ||     7
       Distracted        |       |       |       |     2 |       |     2 |     1 |       |     3 ||     8
       Invisible         |       |       |       |       |       |     5 |       |       |       ||     5
       Confused          |       |       |       |       |       |       |       |       |     1 ||     1
  Eat: Chunk             |     1 |    10 |    20 |    24 |    52 |    37 |    42 |    25 |    23 ||   234
       Meat ration       |       |       |     1 |     1 |     1 |     6 |     3 |     5 |     8 ||    25
       Bread ration      |       |       |       |     4 |     3 |     3 |     1 |       |       ||    11
       Fruit             |       |       |       |       |     2 |       |       |       |       ||     2
       Royal jelly       |       |       |       |       |       |     3 |     4 |     1 |       ||     8
Armor: Animal skin       |    18 |       |       |       |       |       |       |       |       ||    18
       Leather armour    |    36 |    77 |    94 |       |       |       |       |       |       ||   207
       Plate armour      |       |       |    74 |   311 |   531 |   851 |   316 |       |       ||  2083
       Fire dragon scale |       |       |       |       |    97 |   124 |   137 |   260 |       ||   618
       Gold dragon scale |       |       |       |       |       |       |       |   259 |   711 ||   970
       Acid dragon scale |       |       |       |       |       |       |       |    53 |       ||    53
Dodge: Dodged            |    89 |   117 |   151 |   186 |   449 |  1449 |   799 |   972 |  1031 ||  5243
Block: Buckler           |     6 |    47 |    69 |    68 |       |       |       |       |       ||   190
       Other             |       |       |       |    10 |   168 |   130 |       |       |       ||   308
       Reflection        |       |       |       |       |     5 |     8 |       |       |       ||    13
